 Dungeon Crawl Stone Soup version 0.19-a0-27-g415f530 (webtiles) character file.

490 M4edhros the Martial Artist (level 6, 0/69 HPs)
             Began as a Vampire Monk on May 1, 2016.
             Was a Believer of Okawaru.
             Succumbed to a scorpion's poison
             ... on level 5 of the Dungeon.
             The game lasted 00:03:28 (768 turns).

M4edhros the Martial Artist (Vampire Monk)           Turns: 768, Time: 00:03:28

Health: 0/69       AC: 23    Str: 12    XL:     6   Next: 90%
Magic:  6/6        EV:  2    Int: 12    God:    Okawaru [**....]
Gold:   69         SH: 10    Dex: 17    Spells: 0 memorised, 5 levels left

rFire  . . .     SeeInvis +       - Unarmed
rCold  . . .     Gourm    .     (armour currently unavailable)
rNeg   + + +     Faith    .     h - +2 shield
rPois  +         Spirit   .     (helmet currently unavailable)
rElec  .         Dismiss  .     (cloak currently unavailable)
rCorr  .         Reflect  .     (gloves currently unavailable)
SustAt .         Harm     .     (boots currently unavailable)
MR     .....     NoTele   +     (no amulet)
Stlth  +++.......               (no ring)
                                (no ring)

@: lethally poisoned (0 -> -2), tree-form, regenerating quickly, not resistant
to hostile enchantments, fairly stealthy
A: (fangs 0), see invisible, (unbreathing)
a: Heroism, Renounce Religion


You were on level 5 of the Dungeon.
You worshipped Okawaru.
Okawaru was pleased with you.
You were very full.
You were a tree.
You visited 1 branch of the dungeon, and saw 5 of its levels.

You collected 69 gold pieces.

Inventory:

Missiles
 d - 6 tomahawks (quivered)
Armour
 a - a +0 robe
 b - a +0 ring mail (melded)
 h - a +2 shield (worn)
Scrolls
 c - a scroll of amnesia {unknown}
 e - a scroll of remove curse {unknown}
 f - 2 scrolls of immolation {unknown}
 i - a scroll of identify {unknown}


   Skills:
 - Level 2.6 Fighting
 - Level 3.2 Dodging
 - Level 3.0 Stealth
 + Level 2.4 Shields
 + Level 8.5 Unarmed Combat


You had 5 spell levels left.
You didn't know any spells.

Dungeon Overview and Level Annotations

Branches:
Dungeon (5/15)
 Temple: D:4-7

Altars:
Okawaru
Pakellas
Zin


Innate Abilities, Weirdness & Mutations

Your natural rate of healing is unusually fast.
((You have razor-sharp teeth.))
You have supernaturally acute eyesight.
((You can survive without breathing.))


Message History

You feel sick.
Drink which item? (? for menu, Esc to quit)
You turn into a tree.
Your +0 ring mail melds into your body.
Your roots penetrate the ground.
* * * LOW HITPOINT WARNING * * *
You feel sick.
You aren't carrying any potions.
Read which item? (? for menu, Esc to quit)
Okay, then.
Okay, then.
* * * LOW HITPOINT WARNING * * *
You feel sick.
* * * LOW HITPOINT WARNING * * *
You feel sick.
An adder comes into view.
* * * LOW HITPOINT WARNING * * *
You feel sick.
* * * LOW HITPOINT WARNING * * *
You feel sick.
You die...

#.......##.....## ##
#.......##....##
!.###
####.#####...##
.....#####.# #..##
...........# #..#
#.......## #...
###....### ##....
.###........##...###
........♣†.S....#
.....#####.....##
...# #.....# ..
#......# #.......#
#....#...#
...####..# ...## ..
..## .


You could see an adder (wandering).

Vanquished Creatures
  An ogre (D:5)
  A phantom (D:5)
  A scorpion (D:5)
  A howler monkey (D:5)
  A giant frog zombie (D:5)
  A centaur skeleton (D:5)
  A giant frog skeleton (D:5)
  An orc wizard (D:4)
  2 worker ants (D:4)
  3 adders
  A shadow imp (D:5)
  An ooze (D:4)
  An adder skeleton (D:5)
  A dart slug (D:2)
  2 orcs (D:4)
  A giant cockroach (D:5)
  A goblin (D:2)
  A hobgoblin (D:1)
  A quokka (D:4)
  A ball python (D:2)
  A giant gecko skeleton (D:4)
  A rat (D:3)
26 creatures vanquished.

Notes
Turn   | Place    | Note
--------------------------------------------------------------
     0 | D:1      | M4edhros the Vampire Monk began the quest for the Orb.
     0 | D:1      | Reached XP level 1. HP: 17/17 MP: 1/1
    77 | D:2      | Reached skill level 5 in Unarmed Combat
    77 | D:2      | Reached XP level 2. HP: 23/23 MP: 2/2
   132 | D:4      | Reached XP level 3. HP: 17/28 MP: 3/3
   186 | D:4      | Reached skill level 6 in Unarmed Combat
   197 | D:4      | Found a glowing silver altar of Zin.
   337 | D:4      | Reached XP level 4. HP: 31/34 MP: 4/4
   438 | D:5      | Entered Level 5 of the Dungeon
   438 | D:5      | Noticed a phantom
   450 | D:4      | Reached skill level 7 in Unarmed Combat
   450 | D:4      | Reached XP level 5. HP: 31/39 MP: 5/5
   493 | D:5      | Killed a phantom
   523 | D:5      | Found an iron altar of Okawaru.
   553 | D:5      | Became a worshipper of Warmaster Okawaru
   553 | D:5      | Reached * piety under Okawaru
   553 | D:5      | Reached ** piety under Okawaru
   652 | D:5      | Noticed an ogre
   660 | D:5      | Killed an ogre
   660 | D:5      | Reached skill level 1 in Shields
   660 | D:5      | Reached skill level 8 in Unarmed Combat
   660 | D:5      | Reached XP level 6. HP: 46/46 MP: 6/6
   711 | D:5      | Found an oddly glowing altar of Pakellas.
   761 | D:5      | HP: 3/69 [poisoned by a scorpion]
   765 | D:5      | HP: 1/69 [poisoned by a scorpion]
   768 | D:5      | Succumbed to a scorpion's poison

Vault maps used:
D:1:      grunt_arrival_crossed_arrows
D:2:      old_standard_altar, serial_glass, glass_columns_a, glass_columns_a
D:3:      columned_hall_lemuel, due_unseen_surprise
D:4:      old_standard_altar, first_bread, kennysheep_windowed_goal, uniq_robin
D:5:      nicolae_overflow_crystal_walls, okawaru_gym_becter

Skill      XL: |  1  2  3  4  5  6 |
---------------+-------------------+-----
Unarmed Combat | 5 6 7 8 |  8.5
Shields        | 1 2 |  2.4
Fighting       | |  2.6
Dodging        | |  3.2
Stealth        | |  3.0

Action                   |  1- 3 |  4- 6 || total
-------------------------+-------+-------++-------
Melee: Unarmed           |    45 |    80 ||   125
       Bite              |     3 |     9 ||    12
       Punch             |     2 |     1 ||     3
  Use: Potion            |     3 |     7 ||    10
 Stab: Sleeping          |     3 |       ||     3
Armor: Robe              |     2 |       ||     2
       Ring mail         |     2 |    15 ||    17
       Skin              |       |     4 ||     4
Dodge: Dodged            |    22 |    26 ||    48
Block: Shield            |       |    19 ||    19
